AoeStats
← Evan Mason

Lombardia

508847722Analyzed
4v4 RM · 9d ago on Sep 24, 2026· 47m 31s· 8 players
Game mode
Random Map
Map size
Large (8 player)
Population
200
Speed
Normal
Resources
Standard
Victory
Conquest
Starting age
Dark Age
Ending age
Imperial Age
RankedLock teamsTeams togetherTeam positionsShared explorationLock speedFull tech treeHidden civsTurbo modeCheats
Victory
Defeat
🇨🇿 Vikings · Czechia
777
+5
🇿🇦 Vietnamese · South Africa
731
+6
🇨🇳 Hindustanis · China
705
+7
🇨🇳 Vietnamese · China
582
+12
🇬🇧 Cumans · United Kingdom
615
-21
🇷🇴 Saxons · Romania
531
-9
🇨🇳 Georgians · China
465
-7
🇹🇷 Persians · Türkiye
309
-3
Djgama17
0:40 Loom
13:03 Feudal Age
13:29 Town Watch
14:20 Wheelbarrow
13:49 Double-Bit Axe
14:03 Horse Collar
23:25 Castle Age
21:31 Scale Mail Armor
21:41 Forging
22:54 Padded Archer Armor
22:44 Fletching
23:01 Scale Barding Armor
22:19 Man-at-Arms
25:45 Bow Saw
25:57 Hand Cart
27:58 Bow Saw
28:50 Heavy Plow
30:34 Gold Mining
30:34 Stone Mining
33:19 Leather Archer Armor
34:06 Fortified Wall
35:04 Caravan
35:34 Coinage
39:51 Imperial Age
37:39 Chain Mail Armor
37:59 Iron Casting
37:48 Chain Barding Armor
37:24 Bodkin Arrow
37:18 Clerical Recruitment
38:52 Gold Shaft Mining
39:16 Town Patrol
39:02 Treadmill Crane
39:19 Murder Holes
39:30 Squires
39:15 Gambesons
39:15 Arson
41:08 Plate Mail Armor
41:10 Ring Archer Armor
40:40 Bracer
41:44 Crop Rotation
40:39 Long Swordsman
41:51 Elite Varangian Guard
43:27 Banking
43:07 Guilds
44:19 Ballistics
43:49 Heated Shot
45:12 Guilds
44:35 Cranequins
44:58 Two-Handed Swordsman
47:31 Chemistry
46:16 Arrowslits
46:04 Shield Wall
alfiewks
12:34 Feudal Age
16:26 Double-Bit Axe
16:24 Horse Collar
17:52 Wheelbarrow
27:18 Castle Age
25:53 Gold Mining
25:55 Stone Mining
26:07 Town Watch
28:50 Hand Cart
28:36 Town Patrol
29:31 Bow Saw
29:25 Heavy Plow
32:07 Loom
33:03 Scale Mail Armor
33:04 Padded Archer Armor
33:13 Scale Barding Armor
33:20 Forging
33:01 Fletching
33:42 Bloodlines
35:11 Steppe Husbandry
38:36 Gold Shaft Mining
38:25 Leather Archer Armor
38:25 Chain Mail Armor
38:46 Elite Skirmisher
39:31 Thumb Ring
38:47 Crossbowman
40:19 Pikeman
46:16 Squires
49:48 Imperial Age
47:37 Chain Mail Armor
47:42 Chain Barding Armor
47:59 Iron Casting
47:19 Bodkin Arrow
barisimbas
1:10 Loom
11:24 Feudal Age
16:20 Double-Bit Axe
21:01 Wheelbarrow
21:51 Wheelbarrow
24:56 Castle Age
26:23 Horse Collar
29:34 Town Watch
35:56 Imperial Age
35:37 Elite War Elephant
おに惨
PanPixu
7:45 Loom
10:44 Feudal Age
17:13 Castle Age
16:54 Double-Bit Axe
16:54 Horse Collar
19:49 Bow Saw
24:09 Gold Mining
24:30 Heavy Plow
25:32 Stone Mining
26:28 Caravan
30:18 Chieftains
33:25 Imperial Age
31:19 Murder Holes
33:31 Squires
33:18 Arson
34:22 Forging
34:12 Scale Mail Armor
33:37 Elite Varangian Guard
34:40 Conscription
33:56 Elite Berserk
35:46 Iron Casting
36:21 Crop Rotation
36:55 Two-Man Saw
36:14 Chain Mail Armor
35:51 Fletching
36:24 Town Watch
37:40 Plate Mail Armor
38:17 Blast Furnace
37:23 Padded Archer Armor
39:35 Gold Shaft Mining
44:51 Bodkin Arrow
Evan Mason
8:48 Loom
11:44 Feudal Age
14:55 Horse Collar
20:14 Castle Age
21:17 Double-Bit Axe
21:51 Heavy Plow
21:54 Stone Mining
23:42 Wheelbarrow
22:59 Town Watch
26:05 Gold Mining
26:38 Bow Saw
28:04 Hand Cart
31:39 Forging
31:21 Fletching
31:33 Padded Archer Armor
34:24 Imperial Age
31:59 Town Patrol
37:51 Chemistry
37:12 Ballistics
36:50 Murder Holes
39:01 Two-Man Saw
38:41 Crop Rotation
38:44 Thumb Ring
39:11 Bloodlines
39:03 Husbandry
39:33 Paper Money
39:17 Chatras
39:30 Elite Skirmisher
40:55 Imperial Skirmisher
41:12 Pikeman
41:54 Squires
43:11 Masonry
43:21 Bodkin Arrow
44:03 Iron Casting
43:36 Scale Barding Armor
43:47 Leather Archer Armor
superkiller
10:41 Feudal Age
11:34 Loom
15:02 Double-Bit Axe
15:09 Horse Collar
16:24 Gold Mining
17:56 Arson
20:53 Wheelbarrow
24:18 Castle Age
22:46 Stone Mining
24:32 Town Watch
25:17 Heavy Plow
25:31 Bow Saw
28:27 Stone Shaft Mining
28:30 Gold Shaft Mining
28:10 Forging
28:01 Scale Mail Armor
28:05 Padded Archer Armor
27:56 Fletching
35:01 Imperial Age
34:20 Hand Cart
34:08 Town Patrol
34:59 Masonry
36:07 Caravan
38:00 Fortified Wall
39:33 Grand Trunk Road
40:10 Hoardings
40:18 Hoardings
41:25 Two-Man Saw
43:28 Iron Casting
43:09 Chain Mail Armor
42:50 Bodkin Arrow
43:25 Thumb Ring
44:36 Squires
43:57 Pikeman
44:01 Elite Skirmisher
45:55 Conscription
46:32 Ballistics
47:13 Chemistry
sheldongriffinjohnson
12:48 Feudal Age
20:14 Castle Age
22:01 Double-Bit Axe
22:28 Elite Skirmisher
26:20 Horse Collar
27:21 Wheelbarrow
26:59 Bow Saw
32:35 Imperial Age
32:37 Imperial Skirmisher
35:18 Gold Mining
36:29 Caravan
39:15 Two-Man Saw
38:38 Hand Cart
38:28 Heavy Plow
39:40 Elite Rattan Archer
41:48 Elite Fire Lancer
43:08 Chatras
45:18 Elite Battle Elephant
Connection lost

Rejoining the realm…

Still unreachable

The connection could not be restored.

Session expired

The server has moved on; the page needs a fresh start.